 Dungeon Crawl Stone Soup version 0.24-a0-458-gfcb5e6da0e (webtiles) character file.

Game seed: 11912196158322486356

28 Krouwed the Grave Robber (level 3, -2/24 HPs)
             Began as a Human Necromancer on June 26, 2019.
             Killed by divine providence
             ... invoked by an orc priest
              (15 damage)
             ... on level 2 of the Dungeon.
             The game lasted 00:03:52 (1290 turns).

Krouwed the Grave Robber (Human Necromancer)        Turns: 1290, Time: 00:03:52

Health: -2/24      AC:  2    Str:  8    XL:     3   Next: 30%
Magic:  4/6        EV: 12    Int: 16    God:
Gold:   57         SH:  0    Dex: 13    Spells: 4/6 levels left

rFire    . . .     SeeInvis .   d - -1 short sword (curse)
rCold    . . .     Gourm    .   (no shield)
rNeg     . . .     Faith    .   a - +0 robe
rPois    .         Spirit   .   (no helmet)
rElec    .         Reflect  .   (no cloak)
rCorr    .         Harm     .   (no gloves)
MR       .....                  (no boots)
Stlth    ++........             (no amulet)
HPRegen  0.08/turn              (no ring)
MPRegen  0.10/turn              (no ring)

@: no status effects
A: no striking features
a: no special abilities


You were on level 2 of the Dungeon.
You were not hungry.

You visited 1 branch of the dungeon, and saw 2 of its levels.

You collected 57 gold pieces.

Inventory:

Hand Weapons
 d - a cursed -1 short sword (weapon)
 g - a +0 dagger
Armour
 a - a +0 robe (worn)
Scrolls
 f - a scroll of identify
Potions
 e - 3 potions of heal wounds
Comestibles
 b - 14 chunks of flesh
 c - 2 rations


   Skills:
 - Level 2.0 Dodging
 - Level 2.0 Stealth
 - Level 2.0 Spellcasting
 + Level 5.0 Necromancy


You had 4 spell levels left.
You knew the following spells:

 Your Spells              Type           Power        Failure   Level  Hunger
a - Pain                  Necr           ###.         2%          1    #......
b - Animate Skeleton      Necr           N/A          2%          1    #......

Your spell library contained the following spells:

 Spells                   Type           Power        Failure   Level  Hunger
 Vampiric Draining        Necr           ###.......   8%          3    ###....
 Regeneration             Chrm/Necr      #.........   22%         3    ###....
 Animate Dead             Necr           N/A          26%         4    #####..


Dungeon Overview and Level Annotations

Branches:
Dungeon (2/15)

Altars:


Message History

The orc priest mumbles some strange prayers to Beogh against you.
Beogh smites you!
The orc barely misses your orc skeleton.
Your orc skeleton barely misses the orc.
The orc hits your orc skeleton with a +0 hand axe.
Your orc skeleton is destroyed!
The orc priest looks satisfied for a moment.
You swap places.
Your goblin skeleton closely misses the orc.
The orc barely misses your goblin skeleton.
Your goblin skeleton hits the orc but does no damage.
The orc barely misses your goblin skeleton.
The orc hits your goblin skeleton with a +0 hand axe.
Your goblin skeleton hits the orc but does no damage.
The orc hits your goblin skeleton with a +0 hand axe.
Your goblin skeleton is destroyed!
The orc priest calls down the wrath of Beogh upon you.
Beogh smites you!
Ouch! That really hurt!
You die...

#### ..# ## ###.###..
#####.##........
...[..........> #.######......
#..Z.Z.Z......
.################.########....
.......ooo)..@................
.######o#########.#######.Z...
#.# #.# ##..#.
#####o#########.########..#.
#....o.....##...#......)....
##.........##.###.#####.....
#....(o...'..# #.# #...##.
#.........#### #.# #.### #
#.....b...# #.# #.


You could see an orc priest and 3 orcs.

Vanquished Creatures
  An ooze (D:1)
  An orc (D:2)
  7 bats
  A giant cockroach (D:1)
  4 goblins
  A hobgoblin (D:1)
  2 frilled lizards (D:1)
  A kobold (D:1)
18 creatures vanquished.

Vanquished Creatures (collateral kills)
  A goblin (D:2)
  A kobold (D:2)
  A bat (D:1)
  2 frilled lizards (D:2)
  A rat (D:1)
6 creatures vanquished.

Grand Total: 24 creatures vanquished

Notes
Turn   | Place    | Note
-------+----------+-------------------------------------------
     0 | D:1      | Krouwed the Human Necromancer began the quest for the Orb.
     0 | D:1      | Reached XP level 1. HP: 13/13 MP: 3/3
   202 | D:1      | Learned a level 1 spell: Animate Skeleton
   397 | D:1      | Reached XP level 2. HP: 17/19 MP: 0/5
  1104 | D:2      | Reached XP level 3. HP: 21/24 MP: 2/6
  1210 | D:2      | Reached skill level 5 in Necromancy
  1290 | D:2      | Killed from afar by an orc priest

Levels and vault maps discovered:
D:1:      psy_arrival_dodecagon, layout_basic, minmay_heptomino_w4
D:2:      layout_basic, minmay_ruptured, uniq_crazy_yiuf_cottage, uniq_sigmund

Skill      XL: |  1  2  3 |
---------------+----------+-----
Necromancy     | 5 |  5.0
Dodging        | |  2.0
Stealth        | |  2.0
Spellcasting   | |  2.0

Action                   || total
-------------------------++-------
Melee: Club              ||    40
       Dagger            ||     5
       Short sword       ||     4
 Cast: Pain              ||    19
       Animate Skeleton  ||    12
  Use: Scroll            ||     1
 Stab: Sleeping          ||     1
  Eat: Chunk             ||     2
Armor: Robe              ||    30
Dodge: Dodged            ||    72

Table legend:
 A = Non-vault XP
 B = Vault XP
 C = Vault XP percentage of total XP
 D = Non-vault monster count
 E = Vault monster count
 F = Vault count percentage of total count
                 A         B        C        D         E       F
            +---------+---------+-------+---------+---------+-------
      Total |      36 |       5 |  12.2 |      19 |       5 |  20.8
            +---------+---------+-------+---------+---------+-------
        D:1 |      21 |       4 |  16.0 |      10 |       4 |  28.6
        D:2 |      15 |       1 |   6.2 |       9 |       1 |  10.0
            +---------+---------+-------+---------+---------+-------
